 Dungeon Crawl Stone Soup version 0.27.1-3-gb3d3a73c9e (webtiles) character file.

Game seed: 143299554032854645

1621 MisterFreud the Conjurer (level 8, -3/53 HPs)
             Began as a Demonspawn Fire Elementalist on Oct 7, 2021.
             Was an Initiate of Gozag.
             Killed from afar by an orc wizard (7 damage)
             ... with a magic dart
             ... on level 5 of the Dungeon.
             The game lasted 00:09:05 (5267 turns).

MisterFreud the Conjurer (DsFE)                     Turns: 5267, Time: 00:09:06

Health: -3/53      AC:  5    Str:  8    XL:     8   Next: 64%
Magic:  12/12      EV: 12    Int: 19    God:    Gozag
Gold:   426        SH:  0    Dex: 14    Spells: 8/13 levels left

rFire    . . .     SeeInvis .   e - +0 hand axe (elec)
rCold    . . .     Faith    .   (no shield)
rNeg     . . .     Spirit   .   a - +0 robe
rPois    .         Reflect  .   (no helmet)
rElec    .         Harm     .   q - +1 cloak {Stlth+}
rCorr    .         Rampage  .   h - +0 pair of gloves
Will     .....                  (no boots)
Stlth    +++.......             (no amulet)
HPRegen  0.17/turn              (no ring)
MPRegen  0.26/turn              (no ring)

@: no status effects
A: talons 1, ignite blood 2, magic regeneration
a: Renounce Religion, Potion Petition, Call Merchant, Bribe Branch


You were on level 5 of the Dungeon.
You worshipped Gozag.
Gozag was aware of your devotion.
You visited 2 branches of the dungeon, and saw 7 of its levels.

You collected 500 gold pieces.
You paid 74 gold pieces to Gozag.

Inventory:

Hand Weapons
 e - a +0 hand axe of electrocution (weapon)
Missiles
 i - 13 poisoned darts
Armour
 a - a +0 robe (worn)
 h - a +0 pair of gloves (worn)
 l - a +0 cloak
 q - a +1 cloak of stealth (worn)
Jewellery
 o - a ring of poison resistance
Wands
 p - a wand of polymorph (5)
 s - a wand of flame (23)
Scrolls
 c - 7 scrolls of identify {unknown}
 f - a scroll of teleportation {unknown}
 j - a scroll of fog {unknown}
 k - a scroll of vulnerability {unknown}
 m - a scroll of silence {unknown}
 r - a scroll of summoning {unknown}
 x - a scroll of acquirement {unknown}
Potions
 b - 2 potions of heal wounds {unknown}
 d - a potion of berserk rage {unknown}
 g - a potion of cancellation {unknown}
 n - a potion of ambrosia {unknown}
 t - a potion of haste {unknown}
 u - a potion of might {unknown}
 v - a potion of curing {unknown}
 w - a potion of degeneration {unknown}
 z - a potion of resistance {unknown}
 A - a potion of flight {unknown}


   Skills:
 - Level 0.6 Fighting
 - Level 0.7 Axes
 - Level 2.4 Dodging
 - Level 2.0 Stealth
 - Level 3.1 Spellcasting
 + Level 7.4 Conjurations
 + Level 7.1 Fire Magic


You had 8 spell levels left.
You knew the following spells:

 Your Spells              Type           Power      Damage    Failure   Level
a - Foxfire               Conj/Fire      100%       2x1d9     1%          1
b - Sticky Flame          Conj/Fire      30%        2d5       8%          4

Your spell library contained the following spells:

 Spells                   Type           Power      Damage    Failure   Level
 Conjure Flame            Conj/Fire      30%        6-21      2%          3
 Inner Flame              Hex/Fire       16%        N/A       11%         3
 Slow                     Hex            2%         N/A       22%         2
 Fireball                 Conj/Fire      15%        3d8       22%         5
 Confusing Touch          Hex            2%         N/A       41%         3
 Yara's Violent Unravell  Hex/Tmut       1%         3d3       99%         5


Dungeon Overview and Level Annotations

Branches:
Dungeon (6/15)             Temple (1/1) D:4

Altars:
Cheibriados
Dithmenos
Elyvilon
Gozag
Kikubaaqudgha
Makhleb
Nemelex Xobeh
Qazlal
Ru
Sif Muna
Trog
Vehumet
Xom
Yredelemnul

Shops:
D:4 [


Innate Abilities, Weirdness & Mutations

You have sharp toenails.
Your demonic aura often causes spilled blood to erupt in flames.
You regenerate magic rapidly.


Message History

You barely miss something.
You hear some strange, mumbled words.
A magic dart appears from out of thin air!
The magic dart hits you.
The orc priest looks braver for a moment.
You miss something. Your kick misses something. Something hits you.
You miss something. Something hits you.
* * * LOW HITPOINT WARNING * * *
The orc priest looks satisfied for a moment.
Something hits you.
* * * LOW HITPOINT WARNING * * *
You barely miss something.
You hear some strange, mumbled words.
A magic dart appears from out of thin air!
The magic dart hits you.
* * * LOW HITPOINT WARNING * * *
Unknown command.
Something tries to affect you, but you resist.
You are confused.
You bump into the rock wall.
You feel less confused.
You are confused.
You bump into the rock wall.
You're too confused to move!
A magic dart appears from out of thin air!
The magic dart hits you.
* * * LOW HITPOINT WARNING * * *
You bump into the rock wall.
You feel less confused. Something hits you but does no damage.
An orc wizard appears from thin air!
Reactivating autopickup.
The orc wizard casts a spell at you. The magic dart hits you!
* * * LOW HITPOINT WARNING * * *
The orc priest begins to cast a cantrip, but forgets the words!
The orc wizard points at you and mumbles some strange words.
The magic dart hits you!
You die...
Your body crumbles into a pile of gold.

#..###....##....#
...###....##...## ###
........#.##...######.#
......###.###...))#...####
..............)))........#
.............##.>........#
.#...........##.....#+#.##
#...........###.....# #.#
(...............@...# #.##
#.##.........##.....# #..#
#####......)###.o..## ##.#
##.........##.#..o.# #.#
###.###............#._.#.#
....##.......##....#...#.#
....###.......#....##.##.#
.....#..........o...#.#..#
...........#.###....#.#..#


You could see an orc priest, an orc wizard and an orc.

Vanquished Creatures
  Grinder (D:3)
  Eustachio (D:5)
  3 necrophages
  2 phantoms
  5 centaur zombies
  Crazy Yiuf (D:3)
  A hound (D:4)
  Jessica (D:3)
  Natasha (thrice) (D:2)
  3 orc wizards (D:5)
  A hound zombie (D:5)
  3 gnolls (D:4)
  10 adders
  2 worms
  A dart slug (D:1)
  11 orcs
  2 ball pythons
  6 endoplasms
  5 giant cockroaches
  7 goblins
  5 hobgoblins
  3 jackals (D:1)
  5 kobolds
  2 quokkas
  7 bats
  5 frilled lizards
  6 rats
102 creatures vanquished.

Vanquished Creatures (others)
  266 foxfires
266 creatures vanquished.

Grand Total: 368 creatures vanquished

Notes
Turn   | Place    | Note
-------+----------+-------------------------------------------
     0 | D:1      | MisterFreud the Demonspawn Fire Elementalist began the
                  | quest for the Orb.
     0 | D:1      | Reached XP level 1. HP: 13/13 MP: 3/3
   373 | D:1      | Gained mutation: Your demonic aura sometimes causes spilled
                  | blood to erupt in flames. [demonic ancestry]
   373 | D:1      | Reached XP level 2. HP: 19/19 MP: 1/5
  1271 | D:2      | Gained mutation: You regenerate magic rapidly. [demonic
                  | ancestry]
  1271 | D:2      | Reached XP level 3. HP: 24/24 MP: 3/6
  1360 | D:2      | Noticed a necrophage
  1374 | D:2      | Killed a necrophage
  1375 | D:2      | Reached XP level 4. HP: 10/30 MP: 5/8
  1618 | D:2      | Noticed Natasha
  1625 | D:2      | Killed Natasha
  1626 | D:2      | Gained mutation: Your demonic aura often causes spilled
                  | blood to erupt in flames. [demonic ancestry]
  1626 | D:2      | Reached XP level 5. HP: 35/35 MP: 6/9
  1947 | D:2      | Noticed Natasha
  1951 | D:2      | Killed Natasha
  1977 | D:2      | Noticed Natasha
  1989 | D:2      | Killed Natasha
  2630 | D:3      | Noticed Jessica
  2659 | D:3      | Killed Jessica
  2660 | D:3      | Reached XP level 6. HP: 37/42 MP: 7/10
  2795 | D:3      | Noticed Grinder
  2805 | D:3      | Killed Grinder
  2911 | D:3      | Found a runed translucent door.
  2912 | D:3      | Noticed Crazy Yiuf
  3096 | D:3      | Found a burning altar of Makhleb.
  3166 | D:3      | Killed Crazy Yiuf
  3167 | D:3      | Reached skill level 5 in Fire Magic
  3268 | D:4      | Found Axapp's Armour Shop.
  3280 | D:4      | Found a staircase to the Ecumenical Temple.
  3337 | D:4      | Gained mutation: You have sharp toenails. [demonic
                  | ancestry]
  3337 | D:4      | Reached XP level 7. HP: 47/47 MP: 9/11
  3351 | Temple   | Entered the Ecumenical Temple
  3402 | Temple   | Became a worshipper of Gozag Ym Sagoz the Greedy
  3677 | D:4      | Reached skill level 5 in Conjurations
  3682 | D:4      | Learned a level 4 spell: Sticky Flame
  4553 | D:5      | Entered Level 5 of the Dungeon
  4685 | D:5      | Reached XP level 8. HP: 47/53 MP: 10/12
  4750 | D:5      | Found a bloodstained altar of Trog.
  4786 | D:5      | You fall into a shaft and drop 1 floor!
  4835 | D:5      | Noticed Eustachio
  4852 | D:5      | Killed Eustachio
  5173 | D:5      | Found a sparkling altar of Nemelex Xobeh.
  5199 | D:5      | Identified the +8 war axe of Quh Suyr {chaos, Drain Will++
                  | Int+2}
  5267 | D:5      | Killed from afar by an orc wizard

Illustrated notes

Levels and vault maps discovered:
D:1:      nzn_arrival_settlement, layout_basic
D:2:      layout_rooms, uniq_natasha
D:3:      layout_rooms, lightli_temple_of_fire, roderic_serpentine_path,
          uniq_jessica, uniq_crazy_yiuf_cottage, uniq_grinder
D:4:      layout_cave_pods, elyvilon_altar_3, temple_fountains, serial_shops,
          shop, minmay_quantized
D:5:      layout_cave_pools, trog_book, mainiacjoe_overflow_surrounded_room,
          uniq_eustachio
D:6:      layout_rooms, mainiacjoe_overflow_tiny_flanked, serial_shops,
          nicolae_shop_statue_plus
Temple:   eino_wide_crystal_templ

Skill      XL: |  1  2  3  4  5  6  7  8 |
---------------+-------------------------+-----
Fire Magic     | 3 4 5 7 |  7.1
Dodging        | 2 |  2.4
Conjurations   | 2 3 4 6 7 |  7.4
Spellcasting   | 3 |  3.1
Stealth        | 2 |  2.0
Fighting       | |  0.6
Axes           | |  0.7

Action                   |  1- 3 |  4- 6 |  7- 9 || total
-------------------------+-------+-------+-------++-------
Melee: Unarmed           |     7 |     5 |       ||    12
       Hand axe          |    11 |    70 |    66 ||   147
       Kick              |       |       |    10 ||    10
 Cast: Foxfire           |    46 |    53 |    61 ||   160
 Stab: Sleeping          |       |     1 |     1 ||     2
Armor: Robe              |    12 |    27 |    32 ||    71
Dodge: Dodged            |    35 |    50 |    44 ||   129
